 Dungeon Crawl Stone Soup version 0.29-a0-617-g7a6b98fccd (webtiles) character file.

Game seed: 3745128045534464897

366 happo123 the Ruffian (level 6, 0/57 HPs)
             Began as a Troll Transmuter on June 17, 2022.
             Engulfed by a steam dragon's steam (3 damage)
             ... on level 4 of the Dungeon.
             The game lasted 00:17:42 (2668 turns).

happo123 the Ruffian (Troll Transmuter)             Turns: 2668, Time: 00:17:43

Health: 0/57       AC:  5    Str: 19    XL:     6   Next: 40%
Magic:  5/7        EV: 10    Int: 11    God:
Gold:   51         SH:  0    Dex: 10    Spells: 5/8 levels left

rFire   . . .      SeeInvis .     - Unarmed
rCold   . . .      Faith    .   (no shield)
rNeg    + . .      Spirit   .   a - +0 robe
rPois   .          Reflect  .   (helmet currently unavailable)
rElec   .          Harm     .   f - +0 cloak
rCorr   .          Rampage  .   (gloves unavailable)
Will    .....                   (boots unavailable)
Stlth   +.........              i - amulet of the acrobat
HPRegen 0.99/turn               k - ring of positive energy
MPRegen 0.10/turn               (no ring)

@: appendages (expiring)
A: horns 2, talons 2, large, unfitting armour, claws 3, regeneration 1, shaggy
fur 1, tough skin 1
a: End Transformation


You were on level 4 of the Dungeon.
You had temporarily grown beastly horns and talons.
You visited 1 branch of the dungeon, and saw 4 of its levels.
You also visited: Sewer.

You collected 210 gold pieces.
You spent 159 gold pieces at shops.

Inventory:

Armour
 a - a +0 robe (worn)
 f - a +0 cloak (worn)
Jewellery
 i - an amulet of the acrobat (around neck)
 k - a ring of positive energy (left claw)
Scrolls
 g - 5 scrolls of teleportation
 h - a scroll of torment {unknown}
 j - 7 scrolls of identify {unknown}
 l - 2 scrolls of poison {unknown}
 n - a scroll of vulnerability {unknown}
 o - a scroll of summoning {unknown}
 p - 2 scrolls of noise {unknown}
 r - a scroll of blinking {unknown}
 s - a scroll of magic mapping {unknown}
Potions
 b - a potion of lignification
 c - 2 potions of cancellation {unknown}
 d - 2 potions of haste {unknown}
 e - 3 potions of curing
 m - 3 potions of degeneration {unknown}
 q - a potion of mutation {unknown}
 t - a potion of invisibility {unknown}


   Skills:
 + Level 1.9 Fighting
 + Level 2.4 Dodging
 * Level 4.3 Unarmed Combat
 + Level 1.8 Spellcasting
 * Level 2.8 Transmutations
 + Level 1.3 Ice Magic


You had 5 spell levels left.
You knew the following spells:

 Your Spells              Type           Power      Damage    Failure   Level
a - Beastly Appendage     Tmut           14%        N/A       9%          1
b - Wereblood             Tmut           7%         N/A       14%         2

Your spell library contained the following spells:

 Spells                   Type           Power      Damage    Failure   Level
 Freeze                   Ice            16%        1d4       17%         1
 Apportation              Tloc           2%         N/A       30%         1
 Frozen Ramparts          Ice            8%         1d2       45%         3
 Spider Form              Tmut/Pois      4%         N/A       45%         3
 Gell's Gravitas          Tloc           1%         N/A       65%         3
 Lesser Beckoning         Tloc           1%         N/A       65%         3
 Teleport Other           Tloc           1%         N/A       65%         3
 Ice Form                 Ice/Tmut       5%         N/A       77%         4
 Hailstorm                Conj/Ice       2%         3d3       92%         4
 Summon Ice Beast         Ice/Summ       2%         N/A       92%         4
 Alistair's Intoxication  Tmut/Pois      2%         N/A       99%         5


Dungeon Overview and Level Annotations

Branches:
Dungeon (4/15)              Sewer (visited)
 Temple: D:4-7

Altars:
Hepliaklqana
Qazlal
The Shining One

Shops:
D:2 !   D:3 *


Innate Abilities, Weirdness & Mutations

You have temporarily grown beastly horns and talons.
You are too large for most types of armour.
You have claws for hands.
Your natural rate of healing is unusually fast.
You are covered in fur. (AC +1)
You have tough skin. (AC +1)


Message History

The ball of steam hits you!!
You are engulfed in a cloud of scalding steam.
Casting: Beastly Appendage (safe; 9% risk of failure)
Press: ? - help, Q - select action, (/) - cycle Dir - look around, f - activate You miscast Beastly Appendage.
You are very lightly contaminated with residual magic.
Nothing appears to happen.
Casting: Beastly Appendage (safe; 9% risk of failure)
Confirm with . or Enter, or press ? or * to list all spells.
Okay, then.
Casting: Beastly Appendage (safe; 9% risk of failure)
Press: ? - help, Q - select action, (/) - cycle Dir - look around, f - activate You grow a pair of large bovine horns.
Your feet morph into talons.
Your transformation is almost over.
The steam dragon breathes steam at you. The ball of steam hits you!
A hound comes into view.
The hound barks!
You closely miss the steam dragon.
You are engulfed in a cloud of scalding steam.
The steam dragon bites you. The steam dragon claws you.
You barely miss the steam dragon. Your headbutt misses the steam dragon.
You are engulfed in a cloud of scalding steam.
The kobold throws a stone.
The stone closely misses you.
The stone barely misses the hound.
The steam dragon closely misses you.
The steam dragon claws you but does no damage.
Your magical contamination has completely faded away.
You scratch the steam dragon but do no damage.
You claw the steam dragon, but do no damage.
The hound barely misses you. The steam dragon bites you.
The steam dragon claws you. The hound barely misses you.
You closely miss the steam dragon. Your kick misses the steam dragon.
The hound barely misses you. The steam dragon breathes steam at you.
The ball of steam hits you!
* * * LOW HITPOINT WARNING * * *
You claw the steam dragon!
The steam dragon is heavily wounded.
You are engulfed in a cloud of scalding steam.
You die...

###.......... .. .... ...
##..........#....#
#...#.....#......#
#.....#...........##
###..#.....#..........
###.....§..K............
#####......##§.#§§DK......##
...........##.§@##...## ....#.
#...........#..h.D.....##......
#..#######....###.####.....#
#..#######....#≈###≈≈##'...# #
...##.........#.'≈≈≈≈≈≈#..###.#
...##.........#≈'≈≈≈≈≈≈#.......
...##..####...#≈###≈≈##'.......
...##..#......###.####.........
...##..#._....................#


You could see a steam dragon (catching breath), a hound and a kobold.

Vanquished Creatures
  A scorpion (D:4)
  2 hounds (D:4)
  An orc priest (D:2)
  5 adders
  6 river rats (Sewer)
  2 worms
  4 dart slugs
  4 orcs (D:2)
  3 endoplasms
  6 giant cockroaches
  8 goblins
  9 hobgoblins
  2 jackals (D:2)
  7 quokkas
  11 ball pythons
  9 bats
  8 frilled lizards
  6 kobolds
  19 rats
113 creatures vanquished.

Vanquished Creatures (others)
  4 plants (D:3)
4 creatures vanquished.

Grand Total: 117 creatures vanquished

Notes
Turn   | Place    | Note
-------+----------+-------------------------------------------
     0 | D:1      | happo123 the Troll Transmuter began the quest for the Orb.
     0 | D:1      | Reached XP level 1. HP: 18/18 MP: 1/1
    73 | D:1      | Reached XP level 2. HP: 26/26 MP: 3/3
   132 | D:1      | Reached skill level 1 in Fighting
   315 | D:1      | Reached XP level 3. HP: 33/33 MP: 4/4
   318 | D:1      | Learned a level 2 spell: Wereblood
   662 | D:2      | Found Reylito's Distillery.
   687 | D:2      | Found a stormy altar of Qazlal.
   723 | D:2      | Reached XP level 4. HP: 11/41 MP: 1/5
  1083 | D:2      | Found a faded altar of an unknown god.
  1247 | D:2      | Bought a potion of curing for 33 gold pieces
  1474 | D:3      | Reached XP level 5. HP: 48/48 MP: 0/6
  1478 | D:3      | Reached skill level 1 in Ice Magic
  1851 | D:3      | Found Disowucs's Assorted Antiques.
  1868 | D:3      | Bought a small golden ring for 105 gold pieces
  1868 | D:3      | Bought a scroll labelled IMOSCH NUIC for 21 gold pieces
  2022 | D:3      | Found a hazy altar of Hepliaklqana.
  2216 | D:4      | Found a glowing golden altar of the Shining One.
  2231 | D:4      | Reached skill level 4 in Unarmed Combat
  2262 | D:4      | Reached XP level 6. HP: 46/57 MP: 5/7
  2301 | D:4      | Found a glowing drain.
  2305 | Sewer    | Entered a sewer
  2653 | D:4      | Noticed a steam dragon
  2668 | D:4      | Engulfed by a steam dragon's steam

Illustrated notes

Levels and vault maps discovered:
D:1:      mainiacjoe_arrival_reflecting_pool, layout_basic,
          grunt_decor_mini_mirrors
D:2:      layout_basic, basic_altar, chequers_ecumenical_altar_twisty,
          serial_shops, nicolae_shop_temple_entry_statues_fountains,
          kennysheep_generic_room_7
D:3:      layout_basic, nicolae_hepliaklqana_hazy_memory, serial_shops,
          nicolae_shop_statue_plus, minmay_goblin_outpost
D:4:      layout_cave_pools, mainiacjoe_overflow_chevrons, gup_sewer_entry_bowl,
          gammafunk_ghost_stat_death, kennysheep_diamond,
          minmay_stone_trees_large, minmay_misc_feat_five

Skill      XL: |  1  2  3  4  5 |
---------------+----------------+-----
Fighting       | 1 |  1.9
Transmutations | 2 |  2.8
Dodging        | 2 |  2.4
Ice Magic      | 1 |  1.3
Unarmed Combat | 4 |  4.3
Spellcasting   | |  1.8

Action                   |  1- 3 |  4- 6 || total
-------------------------+-------+-------++-------
Melee: Unarmed           |    64 |   168 ||   232
       Punch             |     3 |     6 ||     9
       Kick              |     4 |    11 ||    15
       Headbutt          |     2 |     4 ||     6
 Cast: Beastly Appendage |     6 |    17 ||    23
       Wereblood         |     1 |     2 ||     3
  Use: Scroll            |       |     1 ||     1
 Stab: Sleeping          |       |     4 ||     4
Armor: Robe              |    28 |    60 ||    88
Dodge: Dodged            |    25 |    94 ||   119

Table legend: (Time is in decaauts)
 A = Elapsed time spent in this place.
 B = Non-inter-level travel time spent in this place.
 C = Inter-level travel time spent in this place.
 D = Time resting spent in this place.
 E = Time spent auto-exploring this place.
 F = Levels seen in this place.
 G = Mean time per level.
                   A        B        C        D        E       F      G
               +--------+--------+--------+--------+--------+-----+--------+
         Total |   2693 |   2395 |    298 |      0 |   1415 |   5 |  538.6 |
       Dungeon |   2326 |   2028 |    298 |      0 |   1415 |   4 |  581.5 |
         Sewer |    366 |    366 |      0 |      0 |      0 |   1 |  366.0 |
               +--------+--------+--------+--------+--------+-----+--------+

Top non-repeatable levels by time:
     D:3: 950 daAuts
     D:1: 658 daAuts
     D:2: 597 daAuts
   Sewer: 366 daAuts
     D:4: 120 daAuts
